 Dungeon Crawl Stone Soup version 0.32-a0-19-g28bc0835a1 (webtiles) character file.

Game seed: 15387037780897448461

69 mopl the Caller (level 4, -2/24 HPs)
             Began as a Tengu Summoner on Jan 16, 2024.
             Slain by a gnoll
             ... wielding a +0 spear
              (6 damage)
             ... on level 3 of the Dungeon on Jan 17, 2024.
             The game lasted 00:02:20 (1277 turns).

mopl the Caller (Tengu Summoner)                    Turns: 1277, Time: 00:02:20

Health: -2/24      AC:  6    Str:  9    XL:     4   Next: 20%
Magic:  4/9        EV: 27    Int: 17    God:
Gold:   140        SH:  0    Dex: 14    Spells: 3/9 levels left

rFire   . . .        a - +0 spear
rCold   . . .        (no shield)
rNeg    . . .        d - +0 robe
rPois   .            (helmet restricted)
rElec   .            (no cloak)
rCorr   .            (no gloves)
SInv    .            (boots unavailable)
Will    .....        (no amulet)
Stlth   ++           m - +4 ring of protection
HPRegen 0.24/turn    (no ring)
MPRegen 0.11/turn

%: acrobat
@: acrobatic, inugami summoned
A: beak, talons 3, acrobatic
a: no special abilities


You were on level 3 of the Dungeon.
You visited 1 branch of the dungeon, and saw 3 of its levels.

You collected 140 gold pieces.

Inventory:

Hand Weapons
 a - a +0 spear (weapon)
Missiles
 n - 6 darts of dispersal
Armour
 d - a +0 robe (worn)
Jewellery
 m - a +4 ring of protection (left hand)
Scrolls
 e - 2 scrolls of poison {unknown}
 h - a scroll of noise {unknown}
 k - a scroll of vulnerability {unknown}
 l - a scroll of identify {unknown}
Potions
 b - a potion of magic
 c - a potion of enlightenment {unknown}
 f - a potion of lignification {unknown}
 g - a potion of mutation {unknown}
 i - a potion of ambrosia {unknown}
 j - a potion of curing {unknown}


   Skills:
 - Level 2.1 Dodging
 - Level 2.0 Stealth
 + Level 3.1 Spellcasting
 + Level 5.9 Summonings


You had 3 spell levels left.
You knew the following spells:

 Your Spells              Type           Power      Damage    Failure   Level
a - Summon Small Mammal   Summ           88%        N/A       1%          1
b - Call Imp              Summ           44%        N/A       2%          2
c - Call Canine Familiar  Summ           22%        N/A       4%          3

Your spell library contained the following spells:

 Spells                   Type           Power      Damage    Failure   Level
 Summon Blazeheart Golem  Fire/Summ      12%        N/A       45%         4
 Summon Lightning Spire   Summ/Air       12%        N/A       45%         4


Dungeon Overview and Level Annotations

Branches:
Dungeon (3/15)

Altars:


Innate Abilities, Weirdness & Mutations

You have a beak for a mouth.
You have claws for feet.
You can magically evade attacks while moving or waiting.


Message History

Confirm with . or Enter, or press ? or * to list all spells.
You call for your canine familiar and it appears with a howl!
You swap places.
The gnoll attacks as it pursues you! The gnoll misses you.
Your inugami barely misses the gnoll.
You could not reach far enough!
An adder comes into view.
The gnoll hits you from afar with a +0 spear.
Your inugami hits the gnoll.
You could not reach far enough!
The gnoll hits you from afar with a +0 spear.
Your inugami completely misses the gnoll.
Unknown command.
Casting: Call Canine Familiar (quite dangerous; 4% risk of failure)
Confirm with . or Enter, or press ? or * to list all spells.
A tiny devil pulls itself out of the air.
The gnoll hits you but does no damage. The adder barely misses you.
Your inugami closely misses the gnoll.
The gnoll hits you from afar with a +0 spear.
Unknown command.
You hit the adder. You claw the adder.
The adder is almost dead.
The adder closely misses you.
The gnoll hits you from afar with a +0 spear.
Your inugami barely misses the gnoll.
The adder bites you but does no damage. The gnoll misses you.
Your cerulean imp hits the adder but does no damage.
The gnoll closely misses you.
You hit the adder.
You kill the adder!
Your inugami hits the gnoll.
Your cerulean imp hits the gnoll with a -2 spear.
The gnoll hits you from afar with a +0 spear.
* * * LOW HITPOINT WARNING * * *
The gnoll hits you from afar with a +0 spear.
* * * LOW HITPOINT WARNING * * *
Your inugami hits the gnoll but does no damage.
Your cerulean imp hits the gnoll with a -2 spear.
The gnoll completely misses you.
The gnoll hits you from afar with a +0 spear.
You die...

...##.##..## .........
.####..##..### .........
######..##...## .........
....###..###..## ##........
###..###.# ##.<## #.....w...
####.###.#####..## #.g....>..
†...........###..###.........
######.#.##.....5g.w.........
#.#.#######@###.........
#.#.# #.hgSg........ #...#
#####.#...$... .....
....###### ####. #.#### # ..
#.# #.


You could see a ribbon worm, 3 gnolls, an adder, a friendly cerulean imp
(summoned) and a friendly inugami (summoned).

Vanquished Creatures
  2 adders
  3 bats
  4 endoplasms
  3 giant cockroaches
  4 goblins
  3 hobgoblins
  4 kobolds
  A quokka (D:2)
  5 ball pythons
  2 frilled lizards
  4 rats
35 creatures vanquished.

Vanquished Creatures (collateral kills)
  An adder (D:2)
  A ribbon worm (D:2)
  A ball python (D:2)
3 creatures vanquished.

Grand Total: 38 creatures vanquished

Notes
Turn   | Place    | Note
-------+----------+-------------------------------------------
     0 | D:1      | mopl the Tengu Summoner began the quest for the Orb.
     0 | D:1      | Reached XP level 1. HP: 10/10 MP: 4/4
    73 | D:1      | Reached skill level 5 in Summonings
   115 | D:1      | Upgraded the game from 0.32-a0-18-g89e19f1974 to
                  | 0.32-a0-19-g28bc0835a1
   119 | D:1      | Reached XP level 2. HP: 15/15 MP: 6/6
   127 | D:1      | Learned a level 2 spell: Call Imp
   682 | D:2      | Reached XP level 3. HP: 14/19 MP: 5/8
   686 | D:2      | Learned a level 3 spell: Call Canine Familiar
   904 | D:2      | Reached skill level 3 in Spellcasting
  1101 | D:2      | Reached XP level 4. HP: 24/24 MP: 9/9
  1277 | D:3      | Slain by a gnoll

Illustrated notes

Levels and vault maps discovered:
D:1:      minmay_arrival_diagonal_passages, layout_rooms, serial_forest,
          infiniplex_forest_clump_tiny, infiniplex_forest_diagonal,
          infiniplex_forest_straight_2, infiniplex_forest_clump_small,
          infiniplex_forest_straight_2, infiniplex_forest_clump_C,
          infiniplex_forest_end_2, infiniplex_forest_split,
          infiniplex_forest_lined_2
D:2:      cheibrodos_old_hovel, layout_rooms
D:3:      layout_rooms

Skill      XL: |  1  2  3 |
---------------+----------+-----
Summonings     | 5 |  5.9
Spellcasting   | 3 |  3.1
Dodging        | |  2.1
Stealth        | |  2.0

Action                     |  1- 3 |  4- 6 || total
---------------------------+-------+-------++-------
  Melee: Dagger            |    28 |       ||    28
         Unarmed           |     5 |       ||     5
         Peck              |     7 |       ||     7
         Kick              |    21 |     2 ||    23
         Spear             |    64 |     9 ||    73
         Punch             |     1 |       ||     1
   Cast: Summon Small Mamm |     2 |       ||     2
         Call Imp          |     5 |     2 ||     7
         Call Canine Famil |       |     1 ||     1
   Stab: Distracted        |     1 |       ||     1
         Sleeping          |     4 |     1 ||     5
 Armour: Robe              |    30 |    10 ||    40
  Dodge: Dodged            |    41 |     8 ||    49

Table legend: (Time is in decaauts)
 A = Elapsed time spent in this place.
 B = Non-inter-level travel time spent in this place.
 C = Inter-level travel time spent in this place.
 D = Time resting spent in this place.
 E = Time spent auto-exploring this place.
 F = Levels seen in this place.
 G = Mean time per level.
                   A        B        C        D        E       F      G
               +--------+--------+--------+--------+--------+-----+--------+
         Total |   1283 |   1240 |     43 |     69 |    834 |   3 |  427.7 |
       Dungeon |   1283 |   1240 |     43 |     69 |    834 |   3 |  427.7 |
               +--------+--------+--------+--------+--------+-----+--------+

Top non-repeatable levels by time:
     D:1: 658 daAuts
     D:2: 542 daAuts
     D:3: 82 daAuts
